 Dungeon Crawl Stone Soup version 0.32-a0-960-g3814254bd7 (webtiles) character file.

Game seed: 9911093379485608620

32 elagabalus the Firebug (level 3, 19/19 HPs)
             Began as a Tengu Fire Elementalist on Apr 17, 2024.
             Quit the game on level 2 of the Dungeon.
             The game lasted 00:05:55 (619 turns).

elagabalus the Firebug (Tengu Fire Elementalist)     Turns: 619, Time: 00:05:55

Health: 19/19      AC:  3    Str: 10    XL:     3   Next: 25%
Magic:  0/7        EV: 26    Int: 15    God:
Gold:   53         SH:  0    Dex: 14    Spells: 3/6 levels left

rFire   . . .        g - +0 club
rCold   . . .        (no shield)
rNeg    . . .        a - +0 robe
rPois   .            (helmet restricted)
rElec   .            (no cloak)
rCorr   .            d - +0 pair of gloves
SInv    .            (boots unavailable)
Will    .....        (no amulet)
Stlth   ++           (no ring)
HPRegen 0.23/turn    (no ring)
MPRegen 0.10/turn

%: acrobat
@: acrobatic
A: beak, talons 3, acrobatic
a: no special abilities


You were on level 2 of the Dungeon.
You visited 1 branch of the dungeon, and saw 2 of its levels.

You collected 53 gold pieces.

Inventory:

Hand Weapons
 g - a +0 club (weapon)
Armour
 a - a +0 robe (worn)
 d - a +0 pair of gloves (worn)
Potions
 b - a potion of magic
 c - a potion of heal wounds
 e - a potion of mutation {unknown}
 f - a potion of might {unknown}


   Skills:
 - Level 2.1 Dodging
 - Level 2.0 Stealth
 - Level 2.0 Spellcasting
 - Level 1.3 Conjurations
 * Level 4.7 Fire Magic


You had 3 spell levels left.
You knew the following spells:

 Your Spells              Type           Power      Damage    Failure   Level
a - Foxfire               Conj/Fire      40%        2x1d6     6%          1
b - Scorch                Fire           30%        2d6       4%          2

Your spell library contained the following spells:

 Spells                   Type           Power      Damage    Failure   Level
 Inner Flame              Hex/Fire       8%         N/A       26%         3
 Volatile Blastmotes      Fire/Tloc      16%        2d11      26%         3
 Flame Wave               Conj/Fire      10%        2d6       54%         4


Dungeon Overview and Level Annotations

Branches:
Dungeon (2/15)

Altars:


Innate Abilities, Weirdness & Mutations

You have a beak for a mouth.
You have claws for feet.
You can magically evade attacks while moving or waiting.


Message History

You hit the ribbon worm.
You claw the ribbon worm, but do no damage.
The ribbon worm is severely wounded.
The ribbon worm expels a string of sticky webbing.
The stream of webbing misses you.
The stream of webbing hits the kobold but does no damage.
The kobold is caught in a web!
The kobold tears the web.
You barely miss the ribbon worm. You peck the ribbon worm.
You punch the ribbon worm.
You kill the ribbon worm!
The kobold barely misses you.
You see here a ribbon worm corpse.
The kobold attacks as it pursues you! The kobold completely misses you.
There is an open door here.
The kobold attacks as it pursues you! The kobold misses you.
Casting: Scorch (safe; 4% risk of failure)
Confirm with . or Enter, or press ? or * to list all spells.
You conjure some foxfire!
The kobold hits you with a +0 club.
Your foxfire dissipates!
The foxfire hits the kobold.
The kobold is moderately wounded.
The kobold hits you but does no damage. The kobold attacks as it pursues you!
The kobold misses you. The kobold completely misses you. The kobold misses you.
You see here a red potion.
e - a red potion
Casting: Foxfire (safe; 6% risk of failure)
Confirm with . or Enter, or press ? or * to list all spells.
You conjure some foxfire!
The kobold hits you with a +0 club.
The foxfire hits the kobold.
You kill the kobold!
Your foxfire dissipates!
You see here a +0 club.
g - a +0 club
g - a +0 club (weapon)
Saving game... please wait.
Welcome back, elagabalus the Tengu Fire Elementalist.
Press ? for a list of commands and other information.
Are you sure you want to abandon this character and quit the game? (Confirm with "yes".)

#########
#.......###########.
#.......'.†.........
#....@..##########..
#.......# #..
#.......# #.#
#[......# #.#
#.......# #.#####.
##'#########...[...
#...........# ##
###########.# .. #.#
.####


There were no monsters in sight!

Vanquished Creatures
  2 dart slugs (D:1)
  A ribbon worm (D:2)
  A giant cockroach (D:1)
  2 goblins (D:1)
  6 hobgoblins
  A quokka (D:1)
  3 ball pythons (D:1)
  3 bats
  2 frilled lizards (D:1)
  2 kobolds
  3 rats (D:1)
26 creatures vanquished.

Vanquished Creatures (others)
  52 foxfires
52 creatures vanquished.

Grand Total: 78 creatures vanquished

Notes
Turn   | Place    | Note
-------+----------+-------------------------------------------
     0 | D:1      | elagabalus the Tengu Fire Elementalist began the quest for
                  | the Orb.
     0 | D:1      | Reached XP level 1. HP: 10/10 MP: 4/4
    74 | D:1      | Reached XP level 2. HP: 7/15 MP: 0/6
   103 | D:1      | Reached skill level 4 in Fire Magic
   250 | D:1      | Learned a level 2 spell: Scorch
   342 | D:1      | Reached XP level 3. HP: 19/19 MP: 0/7
   619 | D:2      | Quit the game

Illustrated notes

Levels and vault maps discovered:
D:1:      enne_arrival_octagon_isle, layout_rooms, st_stairs_1,
          minmay_misc_feat_nine_boxes
D:2:      layout_basic, basic_altar, basic_ecumenical_altar, uniq_terence

Skill      XL: |  1  2 |
---------------+-------+-----
Fire Magic     | 4 |  4.7
Dodging        | |  2.1
Stealth        | |  2.0
Spellcasting   | |  2.0
Conjurations   | |  1.3

Action                     || total
---------------------------++-------
  Melee: Unarmed           ||    12
         Peck              ||     2
         Kick              ||     2
         Punch             ||     1
   Cast: Foxfire           ||    30
         Scorch            ||    12
    Use: Scroll            ||     3
 Armour: Robe              ||    35
  Dodge: Dodged            ||    80

Table legend: (Time is in decaauts)
 A = Elapsed time spent in this place.
 B = Non-inter-level travel time spent in this place.
 C = Inter-level travel time spent in this place.
 D = Time resting spent in this place.
 E = Time spent auto-exploring this place.
 F = Levels seen in this place.
 G = Mean time per level.
                   A        B        C        D        E       F      G
               +--------+--------+--------+--------+--------+-----+--------+
         Total |    618 |    618 |      0 |      0 |      0 |   2 |  309.0 |
       Dungeon |    618 |    618 |      0 |      0 |      0 |   2 |  309.0 |
               +--------+--------+--------+--------+--------+-----+--------+

Top non-repeatable levels by time:
     D:1: 529 daAuts
     D:2: 89 daAuts
